 Dungeon Crawl Stone Soup version 0.28-a0-1344-g6b9ff3a05d (webtiles) character file.

Game seed: 1807626165253217478

663 Deminshera the Quickloader (level 7, -1/90 HPs)
             Began as a Naga Hunter on Dec 29, 2021.
             Was an Initiate of Dithmenos.
             Slain by a water moccasin (7 damage)
             ... on level 5 of the Dungeon.
             The game lasted 00:13:48 (6763 turns).

Deminshera the Quickloader (Naga Hunter)            Turns: 6763, Time: 00:13:48

Health: -1/90      AC:  6    Str: 13 (16) XL:     7   Next: 56%
Magic:  7/7        EV:  8    Int:  9 (12) God:    Dithmenos [......]
Gold:   172        SH:  0    Dex:  9 (11) Spells: 6/6 levels left

rFire   . . .      SeeInvis +   b - +0 short sword
rCold   + + .      Faith    .   (no shield)
rNeg    . . .      Spirit   .   u - +0 ring mail {rC+}
rPois   +          Reflect  .   x - +0 helmet
rElec   +          Harm     .   f - +0 cloak
rCorr   .          Rampage  .   (no gloves)
Will    .....                   (no barding)
Stlth   ..........              (no amulet)
HPRegen 0.25/turn               h - ring of flight
MPRegen 0.10/turn               t - ring of protection from cold

@: berserking, flying, quick
A: AC +2, large, see invisible, deformed body, poison resistance, slowness 2,
spit poison 1, naga tail 1, stinger 1, electricity resistance
a: Spit Poison, Renounce Religion


You were on level 5 of the Dungeon.
You worshipped Dithmenos.
Dithmenos was noncommittal.
You visited 1 branch of the dungeon, and saw 5 of its levels.
You also visited: Sewer.

You collected 172 gold pieces.

Inventory:

Hand Weapons
 a - a +2 hand crossbow
 b - a +0 short sword (weapon)
Missiles
 d - 13 bolts
 y - a throwing net (quivered)
Armour
 f - a +0 cloak (worn)
 u - a +0 ring mail of cold resistance (worn)
 x - a +0 helmet (worn)
Jewellery
 h - a ring of flight (left hand)
 t - a ring of protection from cold (right hand)
 v - a ring of magical power
Wands
 l - a wand of flame (16)
Scrolls
 c - a scroll of identify
 k - a scroll of vulnerability
 p - a scroll of magic mapping
Potions
 e - a potion of haste
 g - 3 potions of flight
 m - a potion of degeneration
 n - a potion of brilliance
 r - a potion of attraction


   Skills:
 - Level 2.0 Fighting
 + Level 8.1 Crossbows
 - Level 1.5 Dodging
 - Level 3.0 Stealth


You had 6 spell levels left.
You didn't know any spells.
Your spell library contained the following spells:

 Spells                   Type           Power      Damage    Failure   Level
 Animate Skeleton         Necr           0%         N/A       65%         1
 Pain                     Necr           0%         1d4       65%         1
 Slow                     Hex            0%         N/A       65%         1
 Corpse Rot               Necr/Air       0%         N/A       80%         2
 Poisonous Vapours        Pois/Air       0%         N/A       80%         2
 Confusing Touch          Hex            0%         N/A       95%         3
 Vampiric Draining        Necr           0%         2d6       95%         3


Dungeon Overview and Level Annotations

Branches:
Dungeon (5/15)             Temple (0/1) D:5           Sewer (visited)

Altars:
Dithmenos

Shops:
D:1 **(   D:4 (


Innate Abilities, Weirdness & Mutations

Your serpentine skin is tough. (AC +2)
You have supernaturally acute eyesight. (SInv)
Armour fits poorly on your strangely shaped body.
Your system is resistant to poisons. (rPois)
You cover ground very slowly.
You can spit poison.
You have a snake-like lower body.
Your tail ends in a venomous barb.
You are resistant to electric shocks. (rElec)


Message History

Press: ? - help, Q - select action, (/) - cycle Shift-Dir - straight line, f/p - water moccasin
Aim: a water moccasin (51% to hit)
Okay, then.
Fire: 14 bolts
Press: ? - help, Q - select action, (/) - cycle Shift-Dir - straight line, f/p - water moccasin
Aim: a water moccasin (51% to hit)
You shoot a bolt. The bolt hits the water moccasin.
The water moccasin is lightly wounded.
The water moccasin barely misses you. The ice beast hits you.
* * * LOW HITPOINT WARNING * * *
The ice beast freezes you. You resist.
* * * LOW HITPOINT WARNING * * *
Unknown command.
It was a potion of mutation.
You feel extremely strange.
A venomous barb forms on the end of your tail.
You feel insulated. The water moccasin barely misses you.
The ice beast hits you.
* * * LOW HITPOINT WARNING * * *
The ice beast freezes you. You resist.
* * * LOW HITPOINT WARNING * * *
It was a potion of cancellation.
Your magical effects are unravelling.
You feel magically purged.
You feel yourself slow down.
You feel a little less clever now. The water moccasin closely misses you.
It was a potion of berserk rage.
A red film seems to cover your vision as you go berserk!
You feel yourself moving faster!
You feel mighty!
The water moccasin bites you but does no damage.
The ice beast hits you but does no damage.
The water moccasin bites you but does no damage.
b - a +0 short sword (weapon)
You feel a strong urge to attack something.
You closely miss the ice beast.
The ice beast hits you but does no damage.
The water moccasin bites you but does no damage.
You hit the ice beast but do no damage. The water moccasin closely misses you.
The ice beast closely misses you.
You closely miss the ice beast. The water moccasin bites you!
You die... ##.####o##. #...##o..o. #######.......... ...$.....o###.### ######..####.# #........ ########..####.# #.SWosoo..#

#.
#@######.##
#. #Y# #.#
#.##.### #.#
#......# #.#
#..#.#.####.#
#...........#
##.#.#.######
#.<......#
########.#


You could see a phantom, a water moccasin, an ice beast, a scorpion, an orc
priest, an orc wizard (invisible) and an orc.

Vanquished Creatures
  Edmund (D:4)
  A sky beast (D:3)
  An orc priest (D:3)
  Ijyb (D:4)
  An orc wizard (D:3)
  Natasha (D:2)
  A killer bee zombie (D:3)
  A hound skeleton (D:4)
  7 gnolls
  14 adders
  2 river rats (Sewer)
  A worm (D:2)
  2 dart slugs
  3 orcs (D:3)
  11 ball pythons
  5 endoplasms
  5 giant cockroaches
  9 goblins
  16 hobgoblins
  5 quokkas
  3 training dummies (D:4)
  9 bats
  4 frilled lizards
  3 kobolds
  9 rats
116 creatures vanquished.

Notes
Turn   | Place    | Note
-------+----------+-------------------------------------------
     0 | D:1      | Deminshera the Naga Hunter began the quest for the Orb.
     0 | D:1      | Reached XP level 1. HP: 19/19 MP: 1/1
   292 | D:1      | Reached XP level 2. HP: 26/26 MP: 2/2
   336 | D:1      | Found Uwkar's General Store.
   356 | D:1      | Found Acvecw's Antique Weapon Boutique.
   485 | D:1      | Reached skill level 4 in Crossbows
   567 | D:1      | Found a faded altar of an unknown god.
   699 | D:1      | Found Xieram's General Store.
   947 | D:2      | Reached XP level 3. HP: 32/32 MP: 3/3
  1131 | D:2      | Noticed Natasha
  1134 | D:2      | Killed Natasha
  1135 | D:2      | Reached XP level 4. HP: 33/39 MP: 4/4
  1350 | D:2      | Reached skill level 5 in Crossbows
  1471 | D:2      | Reached XP level 5. HP: 16/45 MP: 5/5
  2350 | D:3      | Found a glowing drain.
  2393 | Sewer    | Entered a sewer
  2599 | Sewer    | Reached skill level 6 in Crossbows
  2865 | Sewer    | Reached XP level 6. HP: 38/52 MP: 6/6
  3635 | D:3      | Noticed a sky beast
  3642 | D:3      | Killed a sky beast
  3643 | D:3      | Reached skill level 7 in Crossbows
  4023 | D:3      | Reached XP level 7. HP: 60/60 MP: 7/7
  5377 | D:4      | Noticed Ijyb
  5390 | D:4      | Killed Ijyb
  6250 | D:4      | Found Japt's Firing Range.
  6326 | D:4      | Noticed Edmund
  6333 | D:4      | Killed Edmund
  6334 | D:4      | Reached skill level 8 in Crossbows
  6441 | D:4      | Found a shadowy altar of Dithmenos.
  6448 | D:4      | Became a worshipper of Dithmenos the Shadowed
  6652 | D:5      | Entered Level 5 of the Dungeon
  6726 | D:5      | Found a staircase to the Ecumenical Temple.
  6751 | D:5      | HP: 2/60 [water moccasin (7)]
  6757 | D:5      | Gained mutation: Your tail ends in a venomous barb. [potion
                  | of mutation]
  6757 | D:5      | Gained mutation: You are resistant to electric shocks.
                  | (rElec) [potion of mutation]
  6757 | D:5      | HP: 3/60 [ice beast (2)]
  6763 | D:5      | Slain by a water moccasin

Illustrated notes

Levels and vault maps discovered:
D:1:      saegor_arrival_simple_b, layout_basic,
          hellmonk_ecumenical_altar_crossroads, serial_shops,
          nicolae_shop_hallway_stairs, nicolae_shop_statue_plus,
          nicolae_shop_trees
D:2:      layout_basic, uniq_natasha
D:3:      layout_basic, gup_sewer_entry_pipe, serial_rivers,
          chequers_serial_rivers_micro_e, chequers_serial_rivers_small_3,
          chequers_serial_rivers_large_a, chequers_serial_rivers_micro_c,
          minivault_14, roderic_batcave
D:4:      layout_basic, mainiacjoe_overflow_boulevard,
          nicolae_shop_firing_range, uniq_edmund, uniq_ijyb
D:5:      layout_loops_ring, minmay_temple_entry_sparse_star

Skill      XL: |  1  2  3  4  5  6  7 |
---------------+----------------------+-----
Stealth        | 3 |  3.0
Crossbows      | 4 5 6 7 8 |  8.1
Fighting       | |  2.0
Dodging        | |  1.5

Action                   |  1- 3 |  4- 6 |  7- 9 || total
-------------------------+-------+-------+-------++-------
Melee: Short sword       |    10 |       |    31 ||    41
 Fire: Hand crossbow     |    27 |   122 |    30 ||   179
 Abil: Spit Poison       |     8 |    58 |    17 ||    83
Evoke: Wand              |       |     1 |     5 ||     6
  Use: Scroll            |       |     6 |     3 ||     9
       Potion            |       |       |    10 ||    10
Armor: Leather armour    |     3 |    35 |       ||    38
       Ring mail         |       |       |    22 ||    22
Dodge: Dodged            |     3 |    46 |    34 ||    83

Table legend: (Time is in decaauts)
 A = Elapsed time spent in this place.
 B = Non-inter-level travel time spent in this place.
 C = Inter-level travel time spent in this place.
 D = Time resting spent in this place.
 E = Time spent auto-exploring this place.
 F = Levels seen in this place.
 G = Mean time per level.
                   A        B        C        D        E       F      G
               +--------+--------+--------+--------+--------+-----+--------+
         Total |   8344 |   7986 |    358 |   2102 |   4829 |   6 | 1390.7 |
       Dungeon |   7336 |   6978 |    358 |   1636 |   4491 |   5 | 1467.2 |
         Sewer |   1007 |   1007 |      0 |    466 |    337 |   1 | 1007.0 |
               +--------+--------+--------+--------+--------+-----+--------+

Top non-repeatable levels by time:
     D:4: 2299 daAuts
     D:3: 1952 daAuts
     D:2: 1768 daAuts
     D:1: 1171 daAuts
   Sewer: 1007 daAuts
     D:5: 143 daAuts
